Map: Distant Plane

Players

Tenonee

  • Race: Terran Terran
  • League: Platinum

epicraft

  • Race: Protoss Protoss
  • League: Diamond

Tesla

  • Race: Zerg Zerg

ScEvilPlayMM

  • Race: Terran Terran

VOD

Have the link to the VOD?

Description

Time

  • Played on: July 23, 2016, 6:32 a.m.
  • Length: 15:06
Show
View Real Time Build Order
Export as new Build Order

Tenonee Terran 

Build Orders:  

Get SALT Encoding   

  12  0:02  SCV  
  13  0:14  SCV  
  14  0:25  Supply Depot  
  14  0:26  SCV  
  15  0:47  SCV  
  15  0:48  Barracks  
  16  0:51  Refinery  
  16  0:59  SCV  
  17  1:11  SCV  
  17  1:17  Supply Depot  
  18  1:23  SCV  
  20  1:43  Orbital Command  
  20  1:45  Reaper  
  20  2:12  SCV  
  21  2:18  Command Center  
  21  2:24  SCV  
  21  2:28  Barracks Tech Lab, Factory  
  22  2:36  SCV  
  23  2:44  Refinery  
  23  2:48  SCV  
  23  2:49  Marine  
  25  3:01  SCV  
  26  3:06  Stimpack  
  26  3:13  SCV  
  26  3:15  Factory Tech Lab, Barracks  
  26  3:16  Barracks  
  27  3:23  Marine  
  27  3:25  SCV  
  29  3:36  Orbital Command  
  29  3:37  SCV  
  29  3:38  Supply Depot  
  30  3:49  SCV  
  30  3:53  Siege Tank  
  33  4:01  SCV  
  34  4:03  SCV  
  34  4:08  Barracks Reactor x2  
  35  4:13  SCV  
  37  4:22  Orbital Command  
  35  4:25  SCV  
  31  4:38  Marine  
  32  4:39  Siege Tank  
  35  4:46  Marine x3  
  37  4:53  SCV  
  37  4:56  SCV  
  39  5:03  Marine  
  39  5:05  SCV  
  41  5:12  SCV  
  42  5:17  SCV  
  42  5:24  SCV  
  42  5:28  Marine x5  
  44  5:30  SCV  
  44  5:32  Refinery  
  49  5:36  SCV  
  49  5:37  Starport  
  49  5:42  SCV  
  51  5:46  Marine  
  51  5:48  SCV  
  53  5:51  Refinery  
  53  5:52  Marine  
  54  6:02  Supply Depot  
  54  6:04  Supply Depot  
  54  6:08  Marine x2, SCV x2  
  57  6:14  Marine x3  
  57  6:18  Starport Reactor  
  60  6:20  SCV  
  60  6:21  SCV  
  62  6:26  Marine  
  62  6:28  Engineering Bay  
  62  6:30  Engineering Bay  
  62  6:32  SCV  
  64  6:33  SCV  
  65  6:40  Marine x2  
  65  6:41  Marine x2  
  65  6:44  Marine, SCV  
  65  6:45  SCV  
  72  6:49  Refinery  
  72  6:58  Marine x2  
  72  7:02  Marine x2, Marauder  
  72  7:03  Medivac  
  78  7:13  Supply Depot  
  78  7:15  Supply Depot  
  78  7:16  Terran Infantry Armor Level 1, Terran Infantry Weapons Level 1  
  78  7:26  Supply Depot  
  78  7:29  Missile Turret  
  78  7:31  Missile Turret  
  78  7:34  SCV, Marine x2, Siege Tank, Medivac  
  78  7:36  Marine, SCV  
  88  7:37  Medivac  
  88  7:38  Marine  
  88  7:39  Marauder  
  88  7:42  Supply Depot  
  93  7:47  Armory, SCV  
  93  7:48  SCV  
  95  7:52  Marine  
  96  7:58  Marine x2  
  96  7:59  Missile Turret  
  96  8:00  Marauder  
  96  8:04  SCV  
  96  8:05  Supply Depot  
  101  8:11  SCV  
  102  8:13  Supply Depot  
  98  8:22  Marauder  
  91  8:31  Marine  
  83  8:36  Marine x3  
  83  8:38  Siege Tank  
  83  8:41  Medivac x2  
  93  8:43  Marauder  
  95  8:49  Marine  
  95  8:54  Marine x2  
  98  9:04  Barracks, Marauder  
  98  9:06  Barracks  
  98  9:07  Marine x2  
  102  9:18  Siege Tank  
  102  9:19  Medivac x2  
  109  9:24  Marine x2  
  109  9:26  Marauder  
  113  9:34  Marine x2  
  115  9:42  Marine x2  
  117  9:47  Marauder  
  117  9:51  Marine x3  
  117  9:52  Liberator x2  
  107  9:54  Factory  
  107  10:00  Marine x3  
  110  10:09  Marine x3, Siege Tank, Marauder  
  119  10:17  Marine  
  119  10:21  Marine  
  111  10:24  Marine  
  109  10:31  SCV x2  
  110  10:40  Marine  
  110  10:43  SCV x2  
  104  10:55  Missile Turret  
  104  10:56  Missile Turret, Liberator  
  90  10:57  Liberator  
  90  10:59  Marine  
  90  11:00  Marine x6  
  85  11:33  SCV  
  85  11:38  Marine x2  
  89  11:49  Refinery  
  89  11:50  Refinery  
  88  12:01  Orbital Command  
  64  12:23  Missile Turret  
  64  12:25  Missile Turret  
  64  12:27  Liberator  
  59  12:41  Marine  
  59  12:42  Marine x6  
  69  12:56  Command Center  
  69  12:59  Marine x2  
  69  13:04  Marine  
  72  13:09  Missile Turret  
  58  13:17  Marine x2  
  58  13:18  Marine x2  
  46  13:31  Marine  
  46  13:32  Marine x2  
  45  13:35  Marine x3  
  45  13:36  Marine  
  47  13:49  Marine  
  47  13:50  Marine x2  
  47  13:53  Marine x4  
  54  14:07  Marine  
  55  14:16  Marine  
  55  14:17  Marine x2  
Show
View Real Time Build Order
Export as new Build Order

epicraft Protoss 

Build Orders: 1 Gate Expand 

Get SALT Encoding   

  12  0:01  Probe (Chrono Boost)  
  13  0:15  Pylon  
  13  0:18  Probe (Chrono Boost)  
  14  0:29  Probe (Chrono Boost)  
  15  0:35  Assimilator  
  15  0:39  Probe (Chrono Boost)  
  16  0:45  Gateway  
  17  0:50  Probe (Chrono Boost)  
  17  1:00  Probe (Chrono Boost)  
  18  1:11  Probe (Chrono Boost)  
  19  1:39  Nexus  
  19  1:42  Cybernetics Core  
  19  1:44  Probe (Chrono Boost)  
  20  1:47  Assimilator  
  20  1:55  Probe (Chrono Boost)  
  20  1:57  Pylon  
  21  2:03  Pylon  
  21  2:08  Probe (Chrono Boost)  
  22  2:19  Robotics Facility  
  22  2:24  Mothership Core (Chrono Boost)  
  22  2:27  Warp Gate  
  24  2:42  Probe (Chrono Boost)  
  25  2:49  Stalker  
  27  2:53  Probe x2 (Chrono Boost)  
  29  3:03  Probe (Chrono Boost)  
  29  3:04  Probe (Chrono Boost)  
  31  3:14  Probe x2 (Chrono Boost), Immortal  
  37  3:25  Probe (Chrono Boost)  
  37  3:26  Probe (Chrono Boost)  
  39  3:34  Gateway  
  39  3:39  Probe (Chrono Boost)  
  39  3:40  Probe (Chrono Boost)  
  41  3:50  Probe (Chrono Boost)  
  41  3:53  Probe (Chrono Boost)  
  41  3:54  Warp Prism  
  43  3:57  Adept  
  46  4:24  Gateway  
  46  4:25  Assimilator  
  46  4:28  Pylon  
  46  4:33  Pylon  
  46  4:58  Gateway  
  46  5:01  Gateway  
  46  5:06  Forge  
  46  5:09  Probe (Chrono Boost)  
  46  5:10  Assimilator  
  46  5:11  Stalker  
  46  5:12  Stalker  
  51  5:19  Probe (Chrono Boost)  
  52  5:30  Probe (Chrono Boost)  
  53  5:41  Probe (Chrono Boost), Protoss Ground Weapons Level 1  
  54  5:47  Immortal  
  54  5:49  Twilight Council  
  54  5:53  Probe (Chrono Boost)  
  60  6:05  Probe (Chrono Boost)  
  60  6:17  Probe (Chrono Boost)  
  61  6:21  Warp Prism  
  61  6:29  Probe (Chrono Boost)  
  61  6:31  Pylon  
  64  6:36  Blink, Stalker  
  58  6:55  Adept x3  
  58  6:56  Adept  
  66  7:04  Probe (Chrono Boost)  
  68  7:16  Probe (Chrono Boost)  
  68  7:18  Pylon  
  68  7:20  Pylon  
  68  7:21  Pylon  
  68  7:28  Probe (Chrono Boost)  
  69  7:31  Immortal, Nexus  
  69  7:34  Assimilator  
  73  7:37  Assimilator  
  73  7:38  Photon Cannon, Pylon  
  73  7:40  Pylon  
  73  7:43  Stalker x4  
  73  7:44  Stalker  
  83  8:07  Stalker x4  
  83  8:08  Stalker  
  83  8:11  Protoss Ground Armor Level 1  
  93  8:28  Gateway  
  93  8:29  Gateway  
  93  8:30  Pylon  
  94  8:55  Probe (Chrono Boost)  
  94  9:02  Photon Cannon  
  94  9:06  Probe (Chrono Boost)  
  95  9:17  Probe (Chrono Boost)  
  96  9:27  Probe (Chrono Boost)  
  97  9:38  Probe (Chrono Boost)  
  78  9:59  Stalker x4  
  76  10:00  Stalker  
  76  10:01  Immortal  
  76  10:05  Protoss Ground Weapons Level 2  
  78  10:13  Probe (Chrono Boost)  
  79  10:16  Stalker x2  
  83  10:23  Probe (Chrono Boost)  
  83  10:24  Stalker x5  
  94  10:35  Immortal  
  70  11:05  Stalker x4  
  70  11:06  Stalker x3  
  70  11:09  Mothership Core (Chrono Boost)  
  80  11:30  Nexus  
  80  11:32  Assimilator  
  80  11:34  Stalker x5, Assimilator  
  80  11:35  Stalker x2  
  80  11:38  Pylon  
  94  11:40  Pylon  
  94  12:21  Protoss Ground Armor Level 2  
  94  12:29  Photon Cannon  
  94  12:31  Photon Cannon  
  94  12:34  Photon Cannon  
  94  12:37  Photon Cannon  
  94  12:40  Stalker x7  
  82  13:20  Stalker x3  
  82  13:21  Stalker x4  
  92  13:44  Stalker  
  92  13:45  Stalker x6  
  101  14:08  Stalker x2  
  79  14:39  Stalker x2  
  79  14:40  Stalker x5  
Show
View Real Time Build Order
Export as new Build Order

Tesla Zerg 

Build Orders: Hatch First, Muta Ling Bane 

Get SALT Encoding   

  12  0:01  Drone  
  13  0:18  Drone, Overlord  
  14  0:37  Drone x2  
  14  0:41  Drone  
  17  0:59  Drone  
  17  1:02  Extractor  
  17  1:03  Hatchery  
  16  1:06  Drone  
  17  1:17  Drone  
  18  1:21  Spawning Pool  
  17  1:31  Drone  
  18  1:37  Drone  
  19  2:03  Overlord  
  19  2:04  Overlord  
  19  2:07  Queen  
  21  2:09  Metabolic Boost  
  21  2:18  Drone x2  
  21  2:21  Drone  
  21  2:22  Queen  
  26  2:30  Baneling Nest  
  26  2:33  Drone x2  
  27  2:42  Zergling x4  
  29  2:51  Queen  
  31  3:00  Spine Crawler  
  30  3:15  Zergling x12  
  37  3:23  Queen  
  39  3:54  Hatchery, Drone x6  
  44  3:56  Overlord  
  44  3:57  Overlord  
  42  4:19  Spore Crawler  
  41  4:25  Drone x6, Spore Crawler  
  41  4:29  Lair  
  46  4:45  Drone x4  
  50  4:46  Extractor  
  50  4:47  Drone x3  
  50  4:52  Extractor x2  
  50  5:10  Drone x7  
  57  5:17  Drone x4  
  61  5:41  Drone x5  
  61  5:42  Overlord x2  
  66  5:50  Spire  
  66  5:54  Evolution Chamber  
  64  6:02  Evolution Chamber  
  64  6:03  Zergling x10  
  68  6:10  Zergling x14  
  75  6:23  Zergling x6  
  75  6:24  Zergling x6  
  77  7:02  Drone x5  
  77  7:03  Overlord x5  
  82  7:15  Zerg Melee Weapons Level 1, Zerg Ground Armor Level 1  
  81  7:19  Extractor  
  81  7:20  Extractor  
  79  7:25  Mutalisk x7  
  93  7:32  Drone  
  94  7:43  Drone x7  
  101  7:53  Centrifical Hooks  
  101  7:59  Drone x5  
  88  8:37  Mutalisk x13  
  114  9:00  Mutalisk x4  
  122  9:03  Overlord x8  
  122  9:04  Hatchery  
  122  9:09  Zerg Flyer Weapons Level 1  
  121  9:17  Hatchery  
  120  9:30  Zerg Melee Weapons Level 2  
  120  9:31  Zerg Ground Armor Level 2  
  113  10:03  Mutalisk x4  
  113  10:04  Mutalisk x2  
  113  10:05  Zergling x36  
  139  10:37  Drone x12  
  121  11:20  Zergling x24  
  121  11:21  Infestation Pit  
  121  11:25  Queen  
  134  11:27  Extractor  
  134  11:28  Extractor  
  132  11:44  Hatchery  
  132  11:45  Extractor, Hatchery  
  129  11:48  Extractor  
  114  12:23  Mutalisk x22  
  158  12:49  Extractor  
  125  13:43  Hive, Zergling x26  
  125  13:44  Zergling x16  
  138  14:31  Drone  
  138  14:32  Drone x3  
  138  14:33  Drone  
  138  14:34  Drone x3  
Show
View Real Time Build Order
Export as new Build Order

ScEvilPlayMM Terran 

Build Orders: 1/1/1, MMM Bio 

Get SALT Encoding   

  12  0:02  SCV  
  13  0:14  SCV  
  14  0:18  Supply Depot  
  14  0:28  SCV  
  15  0:31  Refinery  
  15  0:40  SCV  
  16  0:46  Barracks  
  16  0:52  SCV  
  17  1:04  SCV  
  18  1:16  SCV  
  19  1:33  Marine, Orbital Command  
  19  1:39  Factory  
  20  1:49  Supply Depot  
  20  1:51  Marine  
  21  1:55  Refinery  
  21  2:00  SCV  
  22  2:10  Marine  
  22  2:13  SCV  
  24  2:24  Widow Mine  
  24  2:25  Starport  
  24  2:29  SCV  
  27  2:33  Supply Depot  
  27  2:35  Marine  
  28  2:43  SCV  
  29  2:53  Marine  
  30  3:02  Widow Mine, Medivac  
  34  3:10  Supply Depot  
  34  3:12  Marine  
  35  3:16  SCV  
  36  3:24  Command Center  
  36  3:30  Marine  
  36  3:33  Factory Tech Lab  
  37  3:34  Starport Reactor  
  37  3:43  SCV  
  37  3:47  Barracks  
  38  3:51  Barracks  
  38  4:00  Barracks Tech Lab  
  38  4:01  Siege Tank  
  41  4:12  Supply Depot  
  41  4:30  Marine  
  42  4:34  Stimpack  
  42  4:36  Marine  
  43  4:44  Barracks Tech Lab  
  43  4:45  SCV  
  44  4:48  Marine  
  45  4:57  SCV  
  47  5:03  Barracks Reactor  
  47  5:06  Engineering Bay  
  46  5:09  Engineering Bay, SCV  
  45  5:21  Combat Shields  
  45  5:24  Medivac x2  
  45  5:26  Supply Depot  
  49  5:37  Missile Turret  
  49  5:42  Orbital Command  
  49  5:47  Marine  
  50  5:56  Marine x2  
  52  6:09  Marine x2  
  54  6:13  Marine  
  54  6:15  SCV  
  54  6:16  Missile Turret, SCV  
  57  6:27  SCV  
  57  6:29  Siege Tank  
  61  6:52  SCV x2  
  62  7:04  SCV x2  
  62  7:05  Marine x2  
  62  7:06  Marine x2  
  62  7:07  Siege Tank  
  71  7:09  Medivac x2  
  71  7:12  Supply Depot  
  75  7:16  SCV x2  
  75  7:22  Terran Infantry Weapons Level 1  
  77  7:23  Terran Infantry Armor Level 1  
  77  7:28  Command Center, SCV  
  78  7:33  SCV  
  78  7:35  Supply Depot, Barracks  
  78  7:36  Supply Depot  
  79  7:40  SCV  
  79  7:43  Barracks  
  80  7:45  SCV  
  81  7:53  Supply Depot  
  81  8:00  Armory  
  81  8:05  Marine x2, Marauder x2  
  87  8:06  Concussive Shells  
  87  8:12  Siege Tank  
  82  8:26  Marine x2, Marauder x2  
  78  8:29  Barracks Reactor  
  78  8:33  Barracks  
  77  8:44  Marine x2  
  77  8:46  Barracks Tech Lab  
  77  8:48  Marauder  
  79  9:11  Marine, Marauder x3  
  86  9:20  Command Center  
  85  9:27  Marine  
  86  9:32  Marauder  
  85  9:46  Marine, Marauder  
  85  9:47  Marine  
  74  9:59  Marine x2  
  69  10:04  Barracks Reactor  
  70  10:14  SCV  
  70  10:26  SCV  
  71  10:30  Marine x2  
  73  10:38  SCV  
  74  10:44  Marine x2  
  68  10:50  SCV  
  57  10:57  Marine x3  
  57  10:58  Marine  
  55  11:09  Orbital Command  
  55  11:10  Planetary Fortress  
  53  11:12  Refinery  
  53  11:14  Marine  
  54  11:33  Missile Turret  
  54  11:40  Refinery  
  54  11:47  Marine  
  54  11:48  Marine x2  
  57  11:54  Terran Infantry Weapons Level 2  
  57  12:02  Marine  
  57  12:03  Marine x3, Marauder x2  
  57  12:05  Marine x2  
  57  12:06  Marine  
  67  12:20  Marine x2  
  67  12:21  Marine x2  
  71  12:23  Marine x4  
  71  12:24  Marine  
  71  12:28  Siege Tank  
  71  12:29  SCV x2  
  82  12:30  SCV  
  82  12:34  Refinery  
  82  12:36  Refinery  
  82  12:38  Marine x3  
  82  12:39  Marauder  
  82  12:41  SCV x2  
  82  12:42  Marauder, SCV  
  92  12:51  Marine x3  
  93  12:52  Marauder  
  93  12:53  SCV  
  98  13:00  Marauder  
  98  13:03  Barracks  
  99  13:12  SCV x3  
  100  13:21  Marine x6  
  100  13:22  Marine  
  100  13:23  Marauder x2  
  100  13:24  SCV  
  112  13:37  Siege Tank  
  112  13:38  Marine  
  112  13:40  Marauder  
  118  13:44  Marauder x2  
  121  13:58  Marine x2  
  121  13:59  Marine  
  121  14:01  Marauder  
  126  14:04  Marine x3  
  126  14:05  Marauder x2  
  126  14:06  SCV x3  
  136  14:19  SCV x2  
  136  14:20  SCV  
  136  14:23  Marauder  
  141  14:41  Marauder x2, SCV  
  141  14:42  Barracks Reactor  
  141  14:44  Marine x4, Marauder  
  152  14:56  Command Center  
Tags
 
Add a new tag
Caveats
  • Supply blocks, unpowered buildings, or Contaminate may cause inaccurate times.
  • Supply counts are checked every 10 seconds.